EL
ARKANSAS TRAVELERS @ MONTGOMERY BISCUITS
09/18/2049
 
TOP OF THE 1ST
Arkansas Travelers batting - Pitching for Montgomery Biscuits : RHP Angelo Mora
Pitching: RHP Angelo Mora
Batting: RHB Nick Lombardo 0-0: Called Strike
0-1: Ball
1-1: Foul Ball, location: 2F
1-2: Foul Ball, location: 2F
1-2: Strikes out swinging
Batting: RHB Danny Bjarnson 0-0: Ball
1-0: Swinging Strike
1-1: Ball
2-1: Ground out 6-3 (Groundball, 6, EV 85.0 MPH)
Batting: RHB Juan Montez 0-0: Called Strike
0-1: Ball
1-1: DOUBLE (Line Drive, 9LM, EV 91.9 MPH)
Batting: RHB Kyler Seitz 0-0: Called Strike
0-1: Ball
1-1: Ground out 5-3 (Groundball, 56, EV 78.1 MPH)
Top of the 1st over - 0 runs, 1 hit, 0 errors, 1 left on base; Arkansas 0 - Montgomery 0
BOTTOM OF THE 1ST
Montgomery Biscuits batting - Pitching for Arkansas Travelers : RHP Getachew El Sayed
Pitching: RHP Getachew El Sayed
Batting: RHB Adam Turpin 0-0: Ball
1-0: Foul Ball, location: 2F
1-1: Foul Ball, location: 2F
1-2: Strikes out looking
Batting: LHB Mario Ocana 0-0: Ball
1-0: Foul Ball, location: 2F
1-1: Swinging Strike
1-2: Strikes out swinging
Batting: SHB Wayne Hattan 0-0: Called Strike
0-1: Called Strike
0-2: Ball
1-2: Ball
2-2: Ground out 4-3 (Groundball, 34, EV 83.8 MPH)
Bottom of the 1st over - 0 runs, 0 hits, 0 errors, 0 left on base; Arkansas 0 - Montgomery 0
TOP OF THE 2ND
Arkansas Travelers batting - Pitching for Montgomery Biscuits : RHP Angelo Mora
Batting: SHB Danny Gelinas 0-0: Swinging Strike
0-1: Ball
1-1: Ground out U3 (Groundball, 34, EV 83.8 MPH)
Batting: RHB Ricky Mejicanos 0-0: Called Strike
0-1: Called Strike
0-2: Foul Ball, location: 2F
0-2: Ball
1-2: Strikes out looking
Batting: LHB Dave Hicks 0-0: Ball
1-0: Ball
2-0: Ball
3-0: Called Strike
3-1: Called Strike
3-2: Base on Balls
Batting: LHB Spencer Palmer 0-0: Called Strike
Dave Hicks steals 2nd base
0-1: Ball
1-1: Swinging Strike
1-2: Ball
2-2: Strikes out swinging
Top of the 2nd over - 0 runs, 0 hits, 0 errors, 1 left on base; Arkansas 0 - Montgomery 0
BOTTOM OF THE 2ND
Montgomery Biscuits batting - Pitching for Arkansas Travelers : RHP Getachew El Sayed
Batting: RHB Jason Penfield 0-0: Called Strike
0-1: Ball
1-1: Foul Ball, location: 2F
1-2: Fly out, F7 (Flyball, 78D, EV 81.9 MPH)
Batting: RHB Alex Zamora 0-0: Ball
1-0: Fly out, F7 (Flyball, 7, EV 80.0 MPH)
Batting: RHB John Downing 0-0: Called Strike
0-1: Ball
1-1: Ball
2-1: Foul Ball, location: 2F
2-2: Fly out, F5 (Line Drive, 56, EV 64.4 MPH)
Bottom of the 2nd over - 0 runs, 0 hits, 0 errors, 0 left on base; Arkansas 0 - Montgomery 0
TOP OF THE 3RD
Arkansas Travelers batting - Pitching for Montgomery Biscuits : RHP Angelo Mora
Batting: RHB Phil Knox 0-0: Called Strike
0-1: Ball
1-1: Foul Ball, location: 2F
1-2: Strikes out swinging
Batting: RHB Nick Lombardo 0-0: Bunted foul
0-1: Fly out, F8 (Flyball, 89D, EV 92.5 MPH)
Batting: RHB Danny Bjarnson 0-0: Ball
1-0: Ball
2-0: Ball
3-0: Called Strike
3-1: Ground out 6-3 (Groundball, 6MD, EV 78.1 MPH)
Top of the 3rd over - 0 runs, 0 hits, 0 errors, 0 left on base; Arkansas 0 - Montgomery 0
BOTTOM OF THE 3RD
Montgomery Biscuits batting - Pitching for Arkansas Travelers : RHP Getachew El Sayed
Batting: RHB Dave Galloway 0-0: Ball
1-0: Swinging Strike
1-1: Ground out 6-3 (Groundball, 56, EV 80.6 MPH)
Batting: RHB Isaiah Easter 0-0: Ball
1-0: Called Strike
1-1: Called Strike
1-2: Ground out 1-3 (Groundball, 13, EV 67.5 MPH)
Batting: RHB Khalil Walker 0-0: Swinging Strike
0-1: Foul Ball, location: 2F
0-2: Strikes out swinging
Bottom of the 3rd over - 0 runs, 0 hits, 0 errors, 0 left on base; Arkansas 0 - Montgomery 0
TOP OF THE 4TH
Arkansas Travelers batting - Pitching for Montgomery Biscuits : RHP Angelo Mora
Batting: RHB Juan Montez 0-0: Called Strike
0-1: Fly out, F9 (Flyball, 9D, EV 77.5 MPH)
Batting: RHB Kyler Seitz 0-0: Ball
1-0: Ball
2-0: Ball
3-0: Called Strike
3-1: Base on Balls
Batting: SHB Danny Gelinas 0-0: SINGLE (Groundball, 4MD, EV 95.6 MPH)
Kyler Seitz to second
Batting: RHB Ricky Mejicanos 0-0: Called Strike
0-1: Ball
1-1: 3-RUN HOME RUN (Flyball, 7D, EV 98.8 MPH), Distance : 382 ft
Batting: LHB Dave Hicks 0-0: Ball
1-0: Called Strike
1-1: Ball
2-1: Foul Ball, location: 2F
2-2: Fly out, F5 (Popup, 5SF, EV 81.9 MPH)
Batting: LHB Spencer Palmer 0-0: Swinging Strike
0-1: Foul Ball, location: 2F
0-2: Ball
1-2: Foul Ball, location: 2F
1-2: Ball
2-2: Foul Ball, location: 2F
2-2: Strikes out looking
Top of the 4th over - 3 runs, 2 hits, 0 errors, 0 left on base; Arkansas 3 - Montgomery 0
BOTTOM OF THE 4TH
Montgomery Biscuits batting - Pitching for Arkansas Travelers : RHP Getachew El Sayed
Batting: RHB Adam Turpin 0-0: Ball
1-0: Called Strike
1-1: Ball
2-1: Swinging Strike
2-2: Strikes out swinging
Batting: LHB Mario Ocana 0-0: Swinging Strike
0-1: Ball
1-1: Ball
2-1: Fly out, F6 (Popup, 6M, EV 61.9 MPH)
Batting: SHB Wayne Hattan 0-0: Fly out, F7 (Flyball, 7LSF, EV 89.4 MPH)
Bottom of the 4th over - 0 runs, 0 hits, 0 errors, 0 left on base; Arkansas 3 - Montgomery 0
TOP OF THE 5TH
Arkansas Travelers batting - Pitching for Montgomery Biscuits : RHP Angelo Mora
Batting: RHB Phil Knox 0-0: Ball
1-0: Called Strike
1-1: Fly out, F8 (Line Drive, 89M, EV 91.9 MPH)
Batting: RHB Nick Lombardo 0-0: Ball
1-0: Foul Ball, location: 2F
1-1: Ground out 6-3 (Groundball, 6, EV 85.6 MPH)
Batting: RHB Danny Bjarnson 0-0: SINGLE (Line Drive, 34, EV 109.4 MPH)
Batting: RHB Juan Montez 0-0: Called Strike
0-1: Swinging Strike
0-2: Ball
1-2: Ball
2-2: Ball
3-2: Strikes out swinging
Top of the 5th over - 0 runs, 1 hit, 0 errors, 1 left on base; Arkansas 3 - Montgomery 0
BOTTOM OF THE 5TH
Montgomery Biscuits batting - Pitching for Arkansas Travelers : RHP Getachew El Sayed
Batting: RHB Jason Penfield 0-0: Ball
1-0: Called Strike
1-1: Hit by Pitch
Batting: RHB Alex Zamora 0-0: Swinging Strike
0-1: Called Strike
0-2: Ball
1-2: Foul Ball, location: 2F
1-2: Ball
2-2: Strikes out swinging
Batting: RHB John Downing 0-0: Foul Ball, location: 2F
0-1: Ball
1-1: Ball
2-1: Ball
3-1: Base on Balls
Jason Penfield to second
Batting: RHB Dave Galloway 0-0: Called Strike
0-1: Ball
1-1: Ball
2-1: Called Strike
2-2: Ball
3-2: Foul Ball, location: 2F
3-2: Base on Balls
Jason Penfield to third
John Downing to second
Batting: RHB Isaiah Easter 0-0: Called Strike
0-1: Foul Ball, location: 2F
0-2: Ball
1-2: Fly out, F9 (Flyball, 9S, EV 85.6 MPH)
Batting: RHB Khalil Walker 0-0: Foul Ball, location: 2F
0-1: Called Strike
0-2: Ball
1-2: DOUBLE (Line Drive, 89XD, EV 100.6 MPH)
Jason Penfield scores
John Downing scores
Dave Galloway to third
Batting: RHB Adam Turpin 0-0: Called Strike
0-1: Foul Ball, location: 2F
0-2: Ball
1-2: Ball
2-2: Strikes out looking
Bottom of the 5th over - 2 runs, 1 hit, 0 errors, 2 left on base; Arkansas 3 - Montgomery 2
TOP OF THE 6TH
Arkansas Travelers batting - Pitching for Montgomery Biscuits : RHP Angelo Mora
Batting: RHB Kyler Seitz 0-0: Foul Ball, location: 2F
0-1: Ball
1-1: Fly out, F9 (Flyball, 9LM, EV 95.6 MPH)
Batting: SHB Danny Gelinas 0-0: Ball
1-0: Ball
2-0: Ground out 4-3 (Groundball, 4, EV 103.8 MPH)
Batting: RHB Ricky Mejicanos 0-0: Ball
1-0: Foul Ball, location: 2F
1-1: SINGLE (Groundball, 34D, EV 100.0 MPH)
Batting: LHB Dave Hicks 0-0: Ball
1-0: Called Strike
1-1: Foul Ball, location: 2F
1-2: Foul Ball, location: 2F
1-2: Fly out, F8 (Flyball, 8RXD, EV 102.5 MPH)
Top of the 6th over - 0 runs, 1 hit, 0 errors, 1 left on base; Arkansas 3 - Montgomery 2
BOTTOM OF THE 6TH
Montgomery Biscuits batting - Pitching for Arkansas Travelers : RHP Getachew El Sayed
Pitching: RHP Jose Alvarado
Batting: LHB Mario Ocana 0-0: Ball
1-0: Ball
2-0: Swinging Strike
2-1: Ball
3-1: Base on Balls
Batting: SHB Wayne Hattan 0-0: Foul Ball, location: 2F
0-1: Foul Ball, location: 2F
0-2: Ball
1-2: Strikes out looking
Batting: RHB Jason Penfield 0-0: Called Strike
0-1: Hit by Pitch
Mario Ocana to second
Batting: RHB Alex Zamora 0-0: Ball
1-0: Swinging Strike
1-1: Called Strike
1-2: Strikes out looking
Batting: RHB John Downing 0-0: SINGLE (Line Drive, 3L, EV 94.4 MPH)
Mario Ocana to third
Jason Penfield to second
Runner from 3rd tries for Home, SAFE, throw by RF to home
Batting: RHB Dave Galloway 0-0: DOUBLE (Line Drive, 8LD, EV 103.1 MPH)
Jason Penfield scores
John Downing to third
Runner from 3rd tries for Home, SAFE, throw by CF to trailing runner, SAFE at third!
Batting: RHB Isaiah Easter 0-0: Called Strike
0-1: Ball
1-1: Fly out, F8 (Flyball, 8RXD, EV 101.2 MPH)
Bottom of the 6th over - 3 runs, 2 hits, 0 errors, 1 left on base; Arkansas 3 - Montgomery 5
TOP OF THE 7TH
Arkansas Travelers batting - Pitching for Montgomery Biscuits : RHP Angelo Mora
Batting: LHB Spencer Palmer 0-0: Called Strike
0-1: Ball
1-1: Foul Ball, location: 2F
1-2: Strikes out swinging
Batting: RHB Phil Knox 0-0: Ball
1-0: Foul Ball, location: 2F
1-1: Ball
2-1: Foul Ball, location: 2F
2-2: Strikes out looking
Batting: RHB Nick Lombardo 0-0: Foul Ball, location: 2F
0-1: Fly out, F8 (Flyball, 8LXD, EV 100.6 MPH)
Top of the 7th over - 0 runs, 0 hits, 0 errors, 0 left on base; Arkansas 3 - Montgomery 5
BOTTOM OF THE 7TH
Montgomery Biscuits batting - Pitching for Arkansas Travelers : RHP Jose Alvarado
Pitching: LHP Steve McClain
Batting: RHB Khalil Walker 0-0: Ball
1-0: Swinging Strike
1-1: Ball
2-1: Swinging Strike
2-2: Ground out 5-3 (Groundball, 56S, EV 68.8 MPH)
Batting: RHB Adam Turpin 0-0: Ball
1-0: Ball
2-0: Swinging Strike
2-1: Swinging Strike
2-2: Ball
3-2: Strikes out looking
Batting: LHB Mario Ocana 0-0: Ball
1-0: Ball
2-0: Called Strike
2-1: SOLO HOME RUN (Flyball, 9D, EV 101.9 MPH), Distance : 384 ft
Batting: SHB Wayne Hattan 0-0: Ball
1-0: Ball
2-0: Foul Ball, location: 2F
2-1: Ball
3-1: Fly out, F9 (Flyball, 9D, EV 98.1 MPH)
Bottom of the 7th over - 1 run, 1 hit, 0 errors, 0 left on base; Arkansas 3 - Montgomery 6
TOP OF THE 8TH
Arkansas Travelers batting - Pitching for Montgomery Biscuits : RHP Angelo Mora
Pitching: LHP Brian Kelly
Batting: RHB Danny Bjarnson 0-0: Fly out, F8 (Line Drive, 78M, EV 100.6 MPH)
Batting: RHB Juan Montez 0-0: Ball
1-0: SOLO HOME RUN (Flyball, 7D, EV 98.1 MPH), Distance : 385 ft
Batting: RHB Kyler Seitz 0-0: Ball
1-0: Swinging Strike
1-1: Ground out 6-3 (Groundball, 56, EV 101.9 MPH)
Batting: SHB Danny Gelinas 0-0: Ball
1-0: Fly out, F7 (Flyball, 7, EV 91.9 MPH)
Top of the 8th over - 1 run, 1 hit, 0 errors, 0 left on base; Arkansas 4 - Montgomery 6
BOTTOM OF THE 8TH
Montgomery Biscuits batting - Pitching for Arkansas Travelers : LHP Steve McClain
Batting: RHB Jason Penfield 0-0: Ball
1-0: Foul Ball, location: 2F
1-1: Ball
2-1: Foul Ball, location: 2F
2-2: Foul Ball, location: 2F
2-2: Strikes out swinging
Batting: RHB Alex Zamora 0-0: Called Strike
0-1: Ball
1-1: Ball
2-1: Called Strike
2-2: Ball
3-2: Ground out 3-1 (Groundball, 34, EV 86.9 MPH)
Batting: RHB John Downing 0-0: Fly out, F8 (Flyball, 8LD, EV 104.4 MPH)
Bottom of the 8th over - 0 runs, 0 hits, 0 errors, 0 left on base; Arkansas 4 - Montgomery 6
TOP OF THE 9TH
Arkansas Travelers batting - Pitching for Montgomery Biscuits : LHP Brian Kelly
Pitching: RHP Josh McMahan
Now at 1B: Alex Genao
Batting: RHB Ricky Mejicanos 0-0: Called Strike
0-1: Ball
1-1: Swinging Strike
1-2: Reached on error, E5 (Groundball, 5, EV 96.9 MPH)
Batting: LHB Dave Hicks 0-0: Ball
1-0: Foul Ball, location: 2F
1-1: Fielders Choice at 2nd, 6-4 (Groundball, 6, EV 90.6 MPH)
Batting: LHB Spencer Palmer 0-0: Ball
1-0: Grounds into double play, 6-4-3 (Groundball, 6, EV 104.4 MPH)
Top of the 9th over - 0 runs, 0 hits, 1 error, 0 left on base; Arkansas 4 - Montgomery 6
Sunday, July 16th , 2023 - OOTP Baseball 24.6 Build 69